 Dungeon Crawl Stone Soup version 0.28.0-43-g3370ac3207 (webtiles) character file.

Game seed: 15629927964452828893

1162 saw2855 the Cleaver (level 8, -4/71 HPs)
             Began as a Minotaur Berserker on Mar 13, 2022.
             Was an Elder of Trog.
             Slain by Duvessa
             ... wielding a +0 rapier
              (19 damage)
             ... on level 5 of the Dungeon.
             The game lasted 00:22:37 (4946 turns).

saw2855 the Cleaver (Minotaur Berserker)            Turns: 4946, Time: 00:22:38

Health: -4/71      AC: 12    Str: 24    XL:     8   Next: 17%
Magic:  7/7        EV:  9    Int:  4    God:    Trog [****..]
Gold:   54         SH:  5    Dex: 10    Spells: 7/7 levels left

rFire   . . .      SeeInvis .   a - +0 hand axe (elec)
rCold   . . .      Faith    .   (no shield)
rNeg    . . .      Spirit   .   g - +0 chain mail
rPois   .          Reflect  +   (helmet restricted)
rElec   .          Harm     .   d - +0 cloak
rCorr   .          Rampage  .   l - +0 pair of gloves
Will    .....                   (no boots)
Stlth   ..........              o - amulet of reflection
HPRegen 0.21/turn               (no ring)
MPRegen 0.10/turn               (no ring)

@: lit by a corona, glowing
A: horns 2, retaliatory headbutt
a: Renounce Religion, Berserk, Trog's Hand, Brothers in Arms


You were on level 5 of the Dungeon.
You worshipped Trog.
Trog was greatly pleased with you.
You visited 1 branch of the dungeon, and saw 5 of its levels.

You collected 166 gold pieces.
You spent 112 gold pieces at shops.

Inventory:

Hand Weapons
 a - a +0 hand axe of electrocution (weapon)
Missiles
 e - 4 boomerangs (quivered)
Armour
 d - a +0 cloak (worn)
 g - a +0 chain mail (worn)
 l - a +0 pair of gloves (worn)
Jewellery
 o - an amulet of reflection (around neck)
Scrolls
 n - a scroll of fog
Potions
 c - a potion of haste
 f - a potion of brilliance
 h - a potion of mutation {unknown}
 i - 3 potions of degeneration {unknown}
 k - a potion of flight {unknown}
 m - a potion of might {unknown}


   Skills:
 * Level 6.8 Fighting
 * Level 9.4 Axes
 + Level 0.1 Throwing
 + Level 4.6 Armour
 + Level 3.3 Dodging
 + Level 0.5 Stealth
 + Level 0.1 Shields


You had 7 spell levels left.
You didn't know any spells.
Your spell library was empty.

Dungeon Overview and Level Annotations

Branches:
Dungeon (5/15)
 Temple: D:4-7

Altars:
Cheibriados
Kikubaaqudgha

Shops:
D:3 *   D:4 =:=![

Annotations:
D:5 Duvessa


Innate Abilities, Weirdness & Mutations

You have a pair of horns on your head.
You reflexively headbutt those who attack you in melee.


Message History

You block the worm's attack.
You hit Dowan. Lightning courses through Dowan!
You kill Dowan!
Trog accepts your kill.
Trog appreciates your killing of a magic user.
Duvessa weeps, and shakes her weapon.
Duvessa goes berserk!
You hit Duvessa but do no damage. You hit the worm. Duvessa barely misses you.
You closely miss Duvessa. You headbutt Duvessa.
Duvessa is heavily wounded.
You barely miss the worm. Duvessa hits you but does no damage.
You slash Duvessa!
Duvessa is heavily wounded.
You hit the worm but do no damage. Lightning courses through the worm!
You kill the worm!
Trog accepts your kill. Duvessa hits you but does no damage.
Duvessa hits you with a +0 rapier!
You hit Duvessa but do no damage.
Duvessa is heavily wounded.
Duvessa hits you with a +0 rapier.
You hit Duvessa. Lightning courses through Duvessa!
Duvessa is almost dead.
Duvessa hits you but does no damage.
You hit Duvessa but do no damage.
Duvessa is almost dead.
Duvessa hits you with a +0 rapier!
You hit Duvessa but do no damage.
Duvessa is almost dead.
You block Duvessa's attack.
You hit Duvessa but do no damage.
Duvessa is almost dead.
Duvessa hits you with a +0 rapier. x2
You hit Duvessa but do no damage.
Duvessa is almost dead.
Duvessa hits you with a +0 rapier!
* * * LOW HITPOINT WARNING * * *
You barely miss Duvessa.
Duvessa is almost dead.
Duvessa hits you with a +0 rapier!!
You die...

#........
#....##.....#........
##...........#........
#............#........
#............#.(......
#............#.....###
+............+.....#
#...)†......#.....# ##
#..e@# #.....#
...+....########.....###
...#....#......#........
....(...........§.......
###.._..####..≈≈≈≈......
...............§.§......
........................
................#######.
................#.....'.


You could see Duvessa (berserk).

Vanquished Creatures
  Sigmund (D:3)
  An acid dragon (D:5)
  An orc warrior (D:4)
  A black bear (D:5)
  2 ogres
  Dowan (D:5)
  A jelly (D:5)
  2 orc priests (D:4)
  A hound (D:4)
  2 iguanas (D:5)
  Natasha (thrice) (D:3)
  2 orc wizards
  3 gnolls (D:4)
  A howler monkey zombie (D:5)
  Robin (D:3)
  5 adders
  An adder skeleton (D:4)
  2 worms
  8 orcs
  5 bats
  9 endoplasms
  5 giant cockroaches
  16 goblins
  12 hobgoblins
  7 jackals
  11 kobolds
  2 quokkas
  10 ball pythons
  2 frilled lizards
  A giant cockroach zombie (D:3)
  3 rats
122 creatures vanquished.

Notes
Turn   | Place    | Note
-------+----------+-------------------------------------------
     0 | D:1      | saw2855 the Minotaur Berserker began the quest for the Orb.
     0 | D:1      | Reached XP level 1. HP: 19/19 MP: 0/0
   127 | D:1      | Reached skill level 4 in Axes
   127 | D:1      | Reached XP level 2. HP: 26/27 MP: 1/1
   294 | D:1      | Reached ** piety under Trog
   495 | D:1      | Reached XP level 3. HP: 33/34 MP: 2/2
  1500 | D:2      | Reached XP level 4. HP: 41/41 MP: 3/3
  1692 | D:2      | Reached skill level 5 in Axes
  1891 | D:3      | Noticed Robin
  1907 | D:3      | Killed Robin
  1916 | D:3      | Reached *** piety under Trog
  2165 | D:3      | Noticed an ogre
  2177 | D:3      | Killed an ogre
  2178 | D:3      | Reached skill level 5 in Fighting
  2178 | D:3      | Reached skill level 6 in Axes
  2178 | D:3      | Reached XP level 5. HP: 36/48 MP: 4/4
  2372 | D:3      | Noticed Natasha
  2386 | D:3      | Killed Natasha
  2407 | D:3      | Noticed Natasha
  2413 | D:3      | Found Jongutou's General Store.
  2710 | D:3      | Reached XP level 6. HP: 50/56 MP: 5/5
  2800 | D:3      | Found a faded altar of an unknown god.
  2867 | D:3      | Killed Natasha
  3151 | D:3      | Noticed Natasha
  3154 | D:3      | Killed Natasha
  3187 | D:3      | Noticed Sigmund
  3193 | D:3      | Killed Sigmund
  3194 | D:3      | Reached skill level 7 in Axes
  3403 | D:4      | Reached XP level 7. HP: 62/62 MP: 6/6
  3409 | D:4      | Found Haeq's Book Shop.
  3412 | D:4      | Found Gagho's Armour Shoppe.
  3412 | D:4      | Found Waok's Distillery.
  3414 | D:4      | Found Negubba's Jewellery Shoppe.
  3414 | D:4      | Found Impeosiph's Jewellery Shop.
  3421 | D:4      | Bought a potion of curing for 42 gold pieces
  3421 | D:4      | Bought a potion of heal wounds for 70 gold pieces
  3506 | D:4      | Reached **** piety under Trog
  3616 | D:4      | Reached skill level 8 in Axes
  3656 | D:4      | Found an ancient bone altar of Kikubaaqudgha.
  3692 | D:4      | HP: 1/62 [something/magic dart (7)]
  4461 | D:5      | Entered Level 5 of the Dungeon
  4632 | D:5      | Reached skill level 9 in Axes
  4632 | D:5      | Reached XP level 8. HP: 62/71 MP: 7/7
  4915 | D:5      | Found a snail-covered altar of Cheibriados.
  4925 | D:5      | Noticed Duvessa
  4926 | D:5      | Noticed Dowan
  4937 | D:5      | Killed Dowan
  4946 | D:5      | Slain by Duvessa

Illustrated notes

Levels and vault maps discovered:
D:1:      dpeg_arrival_tiny_f, layout_loops_ring
D:2:      minmay_evil_eye, layout_loops_cross, nrook_campfire
D:3:      layout_basic, dreamdust_ecumenical_altar_statues, serial_shops,
          shop_fountains, minmay_quadrilaterals, uniq_natasha, uniq_sigmund,
          uniq_robin
D:4:      layout_cave_pools, mainiacjoe_overflow_concentric_impassable,
          nicolae_wooded_promenade
D:5:      layout_gridville, mainiacjoe_overflow_boulevard,
          mainiacjoe_overflow_cross_hatched, minmay_chambers_of_fives,
          uniq_duvessa

Skill      XL: |  1  2  3  4  5  6  7 |
---------------+----------------------+-----
Axes           | 4 6 7 9 |  9.4
Fighting       | 4 5 6 |  6.8
Armour         | 3 4 |  4.6
Dodging        | 3 |  3.3
Throwing       | |  0.1
Stealth        | |  0.5
Shields        | |  0.1

Action                   |  1- 3 |  4- 6 |  7- 9 || total
-------------------------+-------+-------+-------++-------
Melee: Hand axe          |    77 |   132 |    86 ||   295
       Headbutt          |    11 |    26 |    15 ||    52
       Punch             |     2 |       |     1 ||     3
Throw: Boomerang         |       |       |     4 ||     4
Invok: Berserk           |       |     1 |     2 ||     3
  Use: Scroll            |     5 |     2 |     3 ||    10
       Potion            |       |       |     3 ||     3
Armor: Animal skin       |    18 |       |       ||    18
       Ring mail         |     6 |       |       ||     6
       Chain mail        |       |    76 |    36 ||   112
Dodge: Dodged            |    49 |    52 |    24 ||   125
Block: Other             |       |       |    11 ||    11
